 Dungeon Crawl Stone Soup version 0.29-a0-717-g6dac4ea423 (webtiles) character file.

Game seed: 11790521702918145838

107438 Armakuni the Protected (level 17, 135/135 HPs)
             Began as a Human Wanderer on June 25, 2022.
             Was an Initiate of Gozag.
             Quit the game on level 1 of the Lair of Beasts on June 26, 2022.
             The game lasted 01:19:32 (29258 turns).

Armakuni the Protected (Human Wanderer)            Turns: 29258, Time: 01:19:33

Health: 135/135    AC: 25    Str: 21    XL:     17   Next: 1%
Magic:  18/18      EV: 14    Int: 14    God:    Gozag
Gold:   561        SH:  0    Dex: 11    Spells: 16/18 levels left

rFire   . . .      SeeInvis .   a - +2 lajatang (vamp)
rCold   + . .      Faith    .   (shield currently unavailable)
rNeg    + . .      Spirit   .   Y - quicksilver dragon scales of the Amorous God {rElec rN+ Will+ Int+2 Slay+3}
rPois   +          Reflect  .   w - +1 helmet
rElec   +          Harm     .   y - +1 cloak {rCorr}
rCorr   +          Rampage  .   f - +3 pair of gloves of Garoonemp {Int+5 Dex-5}
Will    +++..                   n - +0 pair of boots
Stlth   +.........              R - amulet of regeneration
HPRegen 1.12/turn               W - ring of willpower
MPRegen 0.16/turn               P - ring of Pahuocig {rPois rC+ Int-4 Slay+3}

@: no status effects
A: hooves 1, strong 1
a: Renounce Religion, Potion Petition, Call Merchant, Bribe Branch


You were on level 1 of the Lair of Beasts.
You worshipped Gozag.
Gozag was pleased with you.
You visited 4 branches of the dungeon, and saw 22 of its levels.
You also visited: Ice Cave.

You collected 8250 gold pieces.
You spent 3430 gold pieces at shops.
You paid 4259 gold pieces to Gozag.

Inventory:

Hand Weapons
 a - a +2 vampiric lajatang (weapon)
 b - a +5 dire flail of venom
Missiles
 h - 10 boomerangs (quivered)
 M - 5 curare-tipped darts
 O - 9 javelins
Armour
 f - the +3 pair of gloves of Garoonemp (worn) {Int+5 Dex-5}
   (You acquired it on level 4 of the Lair of Beasts)

   Int:       It affects your intelligence (+5).
   Dex:       It affects your dexterity (-5).
 n - a +0 pair of boots (worn)
 w - a +1 helmet (worn)
 y - a +1 cloak of preservation (worn)
 Y - the quicksilver dragon scales of the Amorous God (worn) {rElec rN+ Will+ Int+2 Slay+3}
   (You bought it in a shop on level 1 of the Lair of Beasts)

   Int:       It affects your intelligence (+2).
   Slay:      It affects your accuracy & damage with ranged weapons and melee
   (+3).
   rElec:     It insulates you from electricity.
   rN:        It protects you from negative energy.
   Will:      It increases your willpower.
Magical Staves
 U - a staff of air
Jewellery
 I - a ring of see invisible
 J - a +6 ring of intelligence
 L - a ring of flight
 P - the ring of Pahuocig (right hand) {rPois rC+ Int-4 Slay+3}
   (You found it on level 6 of the Lair of Beasts)

   [ring of protection from cold]

   Int:       It affects your intelligence (-4).
   Slay:      It affects your accuracy & damage with ranged weapons and melee
   (+3).
   rC:        It protects you from cold.
   rPois:     It protects you from poison.
 R - an amulet of regeneration (around neck)
 W - a ring of willpower (left hand)
Wands
 c - a wand of charming (7)
 j - a wand of iceblast (8)
 m - a wand of mindburst (5)
 p - a wand of polymorph (11)
 N - a wand of digging (3)
 T - a wand of flame (8)
Scrolls
 e - 11 scrolls of teleportation
 o - 3 scrolls of poison
 q - 2 scrolls of silence
 x - 2 scrolls of amnesia
 A - a scroll of summoning
 B - a scroll of enchant armour
 C - 2 scrolls of magic mapping
 D - a scroll of vulnerability
 E - 4 scrolls of immolation
 F - a scroll of identify
 G - 4 scrolls of noise
 Q - 2 scrolls of blinking
 X - 2 scrolls of fear
Potions
 d - 3 potions of heal wounds
 g - 2 potions of cancellation
 i - 3 potions of ambrosia
 k - 3 potions of brilliance
 l - 5 potions of curing
 r - 5 potions of flight
 s - a potion of lignification
 u - 2 potions of mutation
 z - 3 potions of magic
 H - a potion of might
 V - a potion of haste
Miscellaneous
 t - a tin of tremorstones (1/2)
 v - a condenser vane


   Skills:
 + Level 12.8 Fighting
 - Level 11.9(14.0) Maces & Flails
 - Level 11.9(14.0) Staves
 - Level 1.0 Ranged Weapons
 - Level 3.0 Throwing
 + Level 12.8 Armour
 - Level 10.0 Dodging
 - Level 1.0 Spellcasting
 - Level 10.0 Transmutations
 - Level 10.0 Evocations


You had 16 spell levels left.
You knew the following spells:

 Your Spells              Type           Power      Damage    Failure   Level
w - Wereblood             Tmut           28%        N/A       1%          2

Your spell library contained the following spells:

 Spells                   Type           Power      Damage    Failure   Level
 Beastly Appendage        Tmut           56%        N/A       1%          1
 Spider Form              Tmut/Pois      14%        N/A       14%         3
 Ignite Poison            Fire/Tmut/Pois 10%        N/A       30%         3
 Freeze                   Ice            0%         1d3       36%         1
 Magic Dart               Conj           0%         1d3       36%         1
 Ice Form                 Ice/Tmut       14%        N/A       43%         4
 Call Imp                 Summ           0%         N/A       50%         2
 Scorch                   Fire           0%         2d5       50%         2
 Mephitic Cloud           Conj/Pois/Air  0%         N/A       75%         3
 Vampiric Draining        Necr           0%         2d6       75%         3
 Cause Fear               Hex            0%         N/A       98%         4
 Dispel Undead            Necr           0%         3d6       98%         4
 Hailstorm                Conj/Ice       0%         3d3       98%         4
 Dragon Form              Tmut           14%        N/A       99%         7
 Freezing Cloud           Conj/Ice/Air   0%         6-21      100%        5
 Starburst                Conj/Fire      0%         6d3       100%        6
 Death's Door             Necr           0%         N/A       100%        9
 Dragon's Call            Summ           0%         N/A       100%        9
 Polar Vortex             Ice            0%         N/A       100%        9
 Simulacrum               Ice/Necr       Unusable   N/A       N/A         6

Dungeon Overview and Level Annotations

Branches:
Dungeon (13/15)            Temple (1/1) D:7            Lair (6/6) D:11
  Swamp (0/4) Lair:3       Spider (0/4) Lair:2        Slime (0/5) Lair:5
    Orc (2/2) D:11            Elf (0/3) Orc:2         IceCv (visited)
 Vaults: D:13-14

Altars:
Ashenzari
Cheibriados
Dithmenos
Elyvilon
Fedhas
Gozag
Hepliaklqana
Kikubaaqudgha
Makhleb
Nemelex Xobeh
Okawaru
Qazlal
Ru
Sif Muna
Trog
Uskayaw
Vehumet
Wu Jian
Xom
Yredelemnul
Zin
The Shining One
Jiyva

Shops:
D:9 =   D:10 (   D:11 (*:   D:12 *   Orc:2 *?((   Lair:1 *[

Annotations:
D:6 1 transporter, Megustar's ghost, novice DEFE
Orc:1 Wejua's ghost, journeyman DsIE


Innate Abilities, Weirdness & Mutations

You have large cloven feet.
Your muscles are strong. (Str +4, Int/Dex -1)


Message History

Thank you for shopping at Osupaq's Antique Armour Shoppe!
There is a staircase back to the Dungeon here.
Items here: )) [[.
You drop a scarf of harm.
There is an entrance to Osupaq's Antique Armour Shoppe here.
Okay, then.
Unknown command.
Okay, then.
Unknown command.
Okay, then.
Okay, then.
Okay, then.
Okay, then.
Search for what [Enter for "artifact", or ? for help]? rpois Unknown command.
There is a staircase back to the Dungeon here.
Items here: )) [[[.
You can't go down here!
Okay, then.
Unknown command.
Okay, then.
Unknown command.
Okay, then.
Unknown command.
Unknown command.
Unknown command.
Unknown command.
Unknown command.
Okay, then.
Okay, then.
Unknown command.
Okay, then.
Unknown command.
Unknown command.
Unknown command.
Unknown command.
Unknown command.
Unknown command.
Unknown command.
Are you sure you want to abandon this character and quit the game? (Confirm with "yes".)

#...........##...#####....##.....
#..........###.....###.......##..
##........###.......###...#..##P.
#....##### ###......P#.###.#####
##...# ###.......####..#### #...#
#.#.....#..###..##.## ##..##
#.##....##..##..#.... ##...#
#..#.....##.......... #....##
#...@∩...#.#......... #.....#
##...∩....##......... #.....##
#........###........ ##.....#
##.......#.......... #.....#
#.................. #.....#
#.................. ##....##
##.......###....... #.....#
#.....### ##...... ##.#.##
###.#.# #.#####


There were no monsters in sight!

Vanquished Creatures
  Nessos (Lair:6)
  Josephine (Orc:1)
  Fannar (Orc:1)
  A rakshasa (D:9)
  Erolcha (Orc:1)
  3 boulder beetles
  4 ogre magi (Orc:2)
  13 hydras
  5 centaur warriors
  18 two-headed ogres
  6 death yaks (Lair:5)
  Urug (Lair:6)
  A skeletal warrior (D:9)
  2 goliath frogs (Lair:6)
  A lindwurm (Lair:4)
  An orc knight (D:10)
  2 deep elf pyromancers (D:12)
  2 orc sorcerers
  An oklob plant (Lair:5)
  A necromancer (IceCv)
  2 cyclopes
  3 manticores (D:12)
  2 ugly things
  31 elephants
  Maurice (Orc:1)
  A torpor snail (Lair:3)
  2 ice statues
  A black mamba (Lair:2)
  3 gargoyles (D:12)
  25 cane toads
  2 unseen horrors (D:11)
  3 freezing wraiths
  5 rime drakes
  13 ice devils (IceCv)
  15 komodo dragons
  An entropy weaver simulacrum (IceCv)
  4 anaconda simulacra (IceCv)
  5 polar bears
  7 trolls
  2 meliai
  3 tyrant leeches
  A hornet (D:8)
  5 slime creatures
  24 blink frogs
  6 dream sheep (Lair:6)
  3 shadows
  4 wraiths (Orc:1)
  42 yaks
  A dire elephant simulacrum (IceCv)
  3 vampires
  Grum (Lair:1)
  7 basilisks
  8 wyverns
  9 vampire mosquitoes
  2 redbacks (Lair:2)
  2 death yak simulacra (IceCv)
  2 harpy simulacra (IceCv)
  3 wargs
  3 swamp worms (Lair:3)
  14 water moccasins
  15 orc warriors
  A black bear (shapeshifter) (D:11)
  2 sky beasts (D:8)
  3 black bears
  27 ogres
  23 wolves
  11 centaurs
  2 kobold brigands
  3 necrophages
  2 gnoll sergeants
  23 bullfrogs
  3 scorpions
  A two-headed ogre simulacrum (IceCv)
  5 cane toad simulacra (IceCv)
  6 wights
  4 elephant simulacra (IceCv)
  4 killer bees (D:9)
  A howler monkey (D:12)
  2 electric eels
  4 orc priests
  2 gnoll shamans
  3 iguanas
  Natasha (thrice) (D:2)
  13 orc wizards
  7 hell rats
  2 troll simulacra (IceCv)
  5 polar bear simulacra (IceCv)
  4 wolf simulacra (IceCv)
  Robin (D:2)
  22 gnolls
  6 adders
  A naga simulacrum (IceCv)
  A river rat (D:2)
  2 shadow imps
  3 white imps
  3 ufetubi
  2 worms
  2 dart slugs
  41 orcs
  7 bats
  2 endoplasms
  A giant cockroach (D:3)
  37 goblins
  25 hobgoblins
  2 jackals (D:2)
  13 kobolds
  A quokka (D:1)
  3 ball pythons
  A frilled lizard (D:1)
  10 rats
  A bush (Lair:5)
705 creatures vanquished.

Vanquished Creatures (collateral kills)
  An ugly thing (D:12)
  A gargoyle (D:12)
2 creatures vanquished.

Vanquished Creatures (others)
  A two-headed ogre (D:12)
  An ugly thing (D:12)
  A troll (D:12)
  A centaur (D:11)
  20 fungi
  110 plants
134 creatures vanquished.

Grand Total: 841 creatures vanquished

Notes
Turn   | Place    | Note
-------+----------+-------------------------------------------
     0 | D:1      | Armakuni the Human Wanderer began the quest for the Orb.
     0 | D:1      | Armakuni set off with the following items: a +2 dagger, 2
                  | curare-tipped darts, a +0 hunting sling, a wand of
                  | polymorph (7), a scroll of teleportation, a +0 leather
                  | armour.
     0 | D:1      | Reached XP level 1. HP: 18/18 MP: 1/1
   658 | D:1      | Reached skill level 1 in Armour
   658 | D:1      | Reached skill level 1 in Dodging
   658 | D:1      | Reached XP level 2. HP: 24/24 MP: 2/2
  1292 | D:2      | Reached XP level 3. HP: 25/29 MP: 3/3
  1342 | D:2      | Noticed Natasha
  1345 | D:2      | Killed Natasha
  1388 | D:2      | Reached XP level 4. HP: 25/35 MP: 4/4
  1908 | D:2      | Identified the amulet of the Magpie {Spirit Rampage}
  1922 | D:2      | Noticed Robin
  2359 | D:2      | Noticed Natasha
  2373 | D:2      | Killed Robin
  2381 | D:2      | Gained mutation: Your muscles are strong. (Str +4, Int/Dex
                  | -1) [potion of mutation]
  2381 | D:2      | Gained mutation: You have large cloven feet. [potion of
                  | mutation]
  2675 | D:2      | Reached XP level 5. HP: 41/41 MP: 5/5
  2760 | D:2      | Killed Natasha
  2790 | D:2      | Noticed Natasha
  2804 | D:2      | Killed Natasha
  3349 | D:3      | Noticed a moth of wrath
  3435 | D:3      | Found a glowing golden altar of the Shining One.
  3631 | D:3      | Reached skill level 1 in Maces & Flails
  3845 | D:3      | Reached skill level 1 in Staves
  3845 | D:3      | Reached XP level 6. HP: 48/48 MP: 6/6
  3947 | D:3      | Found a bloodstained altar of Trog.
  4206 | D:3      | Found a faded altar of an unknown god.
  4209 | D:3      | Found a radiant altar of Vehumet.
  4356 | D:4      | Found a sacrificial altar of Ru.
  4439 | D:4      | Found a sparkling altar of Nemelex Xobeh.
  5065 | D:4      | Noticed an ogre
  5078 | D:4      | Killed an ogre
  5079 | D:4      | Reached XP level 7. HP: 33/54 MP: 7/7
  5614 | D:4      | Reached skill level 5 in Staves
  6231 | D:5      | Entered Level 5 of the Dungeon
  6264 | D:4      | Reached XP level 8. HP: 52/60 MP: 8/8
  7298 | D:6      | Found a transporter.
  7413 | D:6      | Noticed Megustar's ghost (novice DEFE)
  7915 | D:7      | Reached XP level 9. HP: 65/65 MP: 9/9
  8036 | D:7      | Found a stormy altar of Qazlal.
  8171 | D:7      | Found a staircase to the Ecumenical Temple.
  8178 | Temple   | Entered the Ecumenical Temple
  8235 | Temple   | Became a worshipper of Gozag Ym Sagoz the Greedy
  8261 | D:7      | Reached skill level 5 in Dodging
  8891 | D:8      | Noticed Maggie
  8892 | D:8      | Noticed Maggie
  8892 | D:8      | Maggie changed into Maggie the warg
  8899 | D:8      | Killed Maggie the warg
  9098 | D:8      | Noticed a hornet
  9109 | D:8      | Killed a hornet
  9111 | D:8      | Reached skill level 10 in Staves
  9231 | D:8      | Reached XP level 10. HP: 66/71 MP: 10/10
  9490 | D:9      | Found Miufy's Jewellery Boutique.
  9529 | D:9      | Noticed a cyan ugly thing
  9550 | D:9      | Killed a purple ugly thing
  9671 | D:9      | Noticed a skeletal warrior
  9922 | D:9      | Noticed a rakshasa
  9955 | D:10     | Entered Level 10 of the Dungeon
 10252 | D:10     | Found a burning altar of Makhleb.
 10750 | D:10     | Found a basalt altar of Yredelemnul.
 11110 | D:10     | Noticed an ice statue
 11185 | D:9      | Reached skill level 5 in Maces & Flails
 11291 | D:9      | Noticed a cyclops
 11311 | D:9      | Killed a cyclops
 11518 | D:9      | Noticed a two-headed ogre
 11529 | D:9      | Killed a two-headed ogre
 11530 | D:9      | Reached XP level 11. HP: 77/77 MP: 11/11
 11555 | D:9      | Noticed a two-headed ogre
 11569 | D:9      | Killed a two-headed ogre
 11573 | D:9      | Identified the +6 chain mail of Honour {Str+9 Int-2 SInv
                  | Stlth+}
 12081 | D:9      | Identified the +1 great mace of the Lamprey {drain, Int+6}
 12081 | D:9      | Noticed a centaur warrior
 12093 | D:9      | Killed a centaur warrior
 12335 | D:9      | Killed a rakshasa
 12570 | D:9      | Noticed a centaur warrior
 12581 | D:9      | Killed a centaur warrior
 12582 | D:9      | Reached skill level 10 in Maces & Flails
 12812 | D:9      | Killed a skeletal warrior
 13605 | D:11     | Noticed a two-headed ogre
 13615 | D:11     | Killed a two-headed ogre
 13616 | D:11     | Reached XP level 12. HP: 46/83 MP: 12/12
 13788 | D:11     | Found a staircase to the Lair.
 13882 | D:11     | Noticed a two-headed ogre
 13891 | D:11     | Killed a two-headed ogre
 13944 | D:11     | Found Maysa's Weapon Shop.
 13945 | D:11     | Found a staircase to the Orcish Mines.
 13977 | D:10     | Reached skill level 5 in Fighting
 14263 | D:11     | Noticed a centaur warrior
 14271 | D:11     | Killed a centaur warrior
 14729 | D:11     | Noticed Sonja
 14731 | D:11     | Noticed Sonja
 14731 | D:11     | Sonja changed into Sonja the shapeshifter
 14732 | D:11     | Noticed Sonja
 14732 | D:11     | Sonja the shapeshifter changed into Sonja the moth of wrath
 14733 | D:11     | Noticed Sonja
 14733 | D:11     | Sonja the moth of wrath changed into Sonja the wind drake
 14760 | D:11     | Noticed Sonja
 14760 | D:11     | Sonja the wind drake changed into Sonja the black mamba
 14761 | D:11     | Noticed Sonja
 14761 | D:11     | Sonja the black mamba changed into Sonja the jumping spider
 14765 | D:11     | Noticed Sonja
 14765 | D:11     | Sonja the jumping spider changed into Sonja the
                  | shapeshifter
 14766 | D:11     | Noticed Sonja
 14766 | D:11     | Sonja the shapeshifter changed into Sonja the black bear
 14768 | D:11     | Killed Sonja the black bear
 14943 | D:11     | Found Vas Qufi's Assorted Antiques.
 15113 | D:12     | Noticed a centaur warrior
 15151 | D:12     | HP: 3/94 [centaur warrior/arrow (9)]
 15248 | D:13     | Noticed a centaur warrior
 15534 | D:12     | Killed a centaur warrior
 15635 | D:12     | Noticed a two-headed ogre
 15643 | D:12     | Killed a two-headed ogre
 15727 | D:12     | Reached skill level 10 in Fighting
 15734 | D:12     | Reached XP level 13. HP: 103/103 MP: 13/13
 15765 | D:12     | Noticed a boulder beetle
 15784 | D:12     | Killed a boulder beetle
 15809 | D:12     | Noticed a centaur warrior
 15819 | D:12     | Killed a centaur warrior
 16270 | D:12     | Reached skill level 5 in Armour
 16587 | D:12     | Noticed a boulder beetle
 16609 | D:12     | Killed a boulder beetle
 16657 | D:12     | Found Hitapepo's General Store.
 17047 | Orc:1    | Entered Level 1 of the Orcish Mines
 17283 | Orc:2    | Entered Level 2 of the Orcish Mines
 17288 | Orc:2    | Paralysed by an orc sorcerer for 3 turns
 17402 | Orc:2    | Noticed an ogre mage
 17402 | Orc:2    | Noticed an ogre mage
 17413 | Orc:2    | Noticed an ogre mage
 17415 | Orc:2    | Reached skill level 5 in Evocations
 17415 | Orc:2    | Killed an ogre mage
 17417 | Orc:2    | Killed an ogre mage
 17417 | Orc:2    | Noticed an ogre mage
 17418 | Orc:2    | Reached XP level 14. HP: 34/110 MP: 14/14
 17983 | Orc:2    | Paralysed by an orc sorcerer for 3 turns
 18042 | Orc:2    | Reached skill level 10 in Dodging
 18296 | Orc:2    | Found Dukyit's Antique Weapon Shoppe.
 18296 | Orc:2    | Found Xior's Antique Weapon Boutique.
 18299 | Orc:2    | Found Izod's Magic Scroll Shoppe.
 18299 | Orc:2    | Found Otusomo's Assorted Antiques.
 18311 | Orc:2    | Bought a fizzy puce potion for 25 gold pieces
 18427 | Orc:2    | Found a staircase to the Elven Halls.
 18658 | Orc:2    | Bought a runed lajatang for 540 gold pieces
 18663 | Orc:2    | Bought a scroll of blinking for 82 gold pieces
 18663 | Orc:2    | Bought a scroll of blinking for 82 gold pieces
 18664 | Orc:2    | Bought a scroll of fear for 98 gold pieces
 18664 | Orc:2    | Bought a potion of curing for 84 gold pieces
 18664 | Orc:2    | Bought a potion of curing for 84 gold pieces
 18687 | Orc:1    | Noticed Erolcha
 18687 | Orc:1    | Noticed Josephine
 18691 | Orc:1    | Killed Erolcha
 18694 | Orc:1    | Killed Josephine
 18845 | Orc:1    | Noticed Fannar
 18847 | Orc:1    | Found a runed translucent door.
 18856 | Orc:1    | Killed Fannar
 19086 | Orc:1    | Noticed Wejua's ghost (journeyman DsIE)
 19260 | Orc:1    | Got the Volume of the Volcanoes
 19411 | Orc:1    | Noticed Maurice
 19428 | Orc:1    | Killed Maurice
 19717 | Lair:1   | Entered Level 1 of the Lair of Beasts
 19736 | Lair:1   | Bought a scroll of enchant weapon for 172 gold pieces
 19771 | Lair:1   | HP: 2/110 [komodo dragon (18)]
 20260 | Lair:1   | Identified the +1 scale mail of Poor Excuses {rPois rF+
                  | rC++ Int-4}
 20260 | Lair:1   | Noticed Grum
 20295 | Lair:1   | Killed Grum
 20311 | Lair:1   | Learned a level 2 spell: Wereblood
 21370 | Lair:1   | Reached skill level 10 in Armour
 21559 | Lair:2   | Reached XP level 15. HP: 115/115 MP: 15/15
 21788 | Lair:2   | Reached skill level 10 in Evocations
 21873 | Lair:2   | Found a hole to the Spider Nest.
 21922 | Lair:2   | Reached skill level 1 in Spellcasting
 21922 | Lair:2   | Reached skill level 1 in Transmutations
 23031 | Lair:3   | Reached skill level 5 in Transmutations
 23065 | Lair:3   | Found a frozen archway.
 23079 | IceCv    | Entered an ice cave
 23852 | IceCv    | Found the +4 skin of Zhor {*Englaciate rC+++ SInv}
 24322 | IceCv    | Got the Papyrus of Dark Ice
 24374 | IceCv    | Found an ancient bone altar of Kikubaaqudgha.
 24939 | Lair:3   | Found a runed translucent door.
 25687 | Lair:3   | Found a staircase to the Swamp.
 25977 | Lair:4   | Identified a scroll of acquirement
 25977 | Lair:4   | Acquired the +3 pair of gloves of Garoonemp {Int+5 Dex-5}
 27014 | Lair:4   | Reached skill level 10 in Transmutations
 27298 | Lair:5   | Found a viscous altar of Jiyva.
 27298 | Lair:5   | Found a staircase to the Slime Pits.
 27352 | Lair:5   | Upgraded the game from 0.29-a0-700-g2f1814c7b2 to
                  | 0.29-a0-717-g6dac4ea423
 27382 | Lair:5   | Reached XP level 16. HP: 122/122 MP: 17/17
 28132 | Lair:6   | Entered Level 6 of the Lair of Beasts
 28133 | Lair:6   | Noticed Nessos
 28142 | Lair:6   | Killed Nessos
 28528 | Lair:6   | Noticed Urug
 28534 | Lair:6   | Killed Urug
 28535 | Lair:6   | Reached XP level 17. HP: 131/135 MP: 18/18
 28539 | Lair:6   | Identified the +1 chain mail of Weightlessness {Str+2 SInv}
 28547 | Lair:6   | Identified the ring of Pahuocig {rPois rC+ Int-4 Slay+3}
 29208 | Lair:1   | Bought shimmering quicksilver dragon scales for 2015 gold
                  | pieces
 29208 | Lair:1   | Identified the quicksilver dragon scales of the Amorous God
                  | {rElec rN+ Will+ Int+2 Slay+3} (You bought it in a shop on
                  | level 1 of the Lair of Beasts)
 29254 | Lair:1   | Bought a glowing scarf for 248 gold pieces
 29258 | Lair:1   | Quit the game

Illustrated notes

Levels and vault maps discovered:
D:1:      amcnicky_arrival_blooded_trapdoor, layout_basic
D:2:      layout_basic, kennysheep_donut, uniq_natasha, uniq_robin
D:3:      layout_loops_ring, tgw_trog, mainiacjoe_overflow_chevrons,
          nicolae_overflow_ecumenical_swirl
D:4:      minmay_goblin_kobold_castle, layout_gridville,
          mainiacjoe_overflow_boulevard, nemelex_spade_bored_becter
D:5:      layout_rooms
D:6:      layout_basic, gammafunk_ghost_hive
D:7:      layout_gridville, mainiacjoe_overflow_surrounded_room,
          minmay_temple_entry_drinking_statues
D:8:      layout_rooms, uniq_maggie
D:9:      minmay_the_grid_triangle_9x9_recursive_2_mashed
          [minmay_the_grid_triangle_9x9_prize_schism,
          minmay_the_grid_triangle_9x9_odd_lines,
          minmay_the_grid_triangle_9x9_negative_grid,
          minmay_the_grid_triangle_9x9_intruding_spiral], layout_basic,
          serial_shops, nicolae_shop_competitors_out_of_business
D:10:     layout_basic, bloody_makhleb, nicolae_overflow_crystal_walls,
          minivault_16
D:11:     layout_irregular_city, david_lair_generic, orc_david_3, serial_shops,
          shop_statue, uniq_sonja
D:12:     minmay_quarter_circles, layout_stronghold, serial_shops,
          kennysheep_mini
D:13:     layout_long_grid, david_vaults_4
Temple:   eino_temple_water
Lair:1:   layout_cave_pods, grunt_megastairs_5, uniq_grum
Lair:2:   layout_cave_pods, spider_nest_entry_webs, serial_bayou_shore_a,
          grunt_megastairs_1
Lair:3:   layout_long_grid, palyth_hydra_swamp_entry, portal_ice_cave_rime,
          minivault_26, pf_torpor_hydra, lemuel_fruit_fields,
          serial_bayou_shore_b
Lair:4:   layout_cave_pods, grunt_megastairs_2
Lair:5:   layout_gridlike, dpeg_slime_entry_enclosed, minmay_lair_oklob_bushes,
          grunt_megastairs_4
Lair:6:   minmay_lair_end_frog_pond, layout_misc_corridors, minivault_11,
          uniq_urug, uniq_nessos
Orc:1:    layout_caves, ebering_ghost_reflecting_pool, uniq_erolcha,
          uniq_josephine, uniq_maurice, uniq_fannar
Orc:2:    st_orc_ogre_mass, layout_caves

Skill      XL: |  1  2  3  4  5  6  7  8  9 10 11 12 13 14 15 16 |
---------------+-------------------------------------------------+-----
Armour         | 1 2 7 10 12 | 12.8
Dodging        | 1 2 4 6 9 10 | 10.0
Evocations     | 4 5 9 10 | 10.0
Fighting       | 4 10 12 | 12.8
Maces & Flails | 1 7 11 | 11.9
Staves         | 1 4 6 8 10 11 | 11.9
Spellcasting   | 1 |  1.0
Transmutations | 10 | 10.0
Ranged Weapons | |  1.0
Throwing       | |  3.0

Action                   |  1- 3 |  4- 6 |  7- 9 | 10-12 | 13-15 | 16-18 || total
-------------------------+-------+-------+-------+-------+-------+-------++-------
Melee: Dagger            |    65 |   227 |   120 |       |       |       ||   412
       Punch             |     1 |     3 |     1 |       |       |       ||     5
       Kick              |       |    57 |    94 |    28 |       |       ||   179
       Quarterstaff      |       |       |   131 |       |       |       ||   131
       Dire flail        |       |       |    41 |   513 |   368 |     8 ||   930
       Lajatang          |       |       |       |       |   866 |   290 ||  1156
Throw: Dart              |     2 |     5 |     7 |    10 |       |       ||    24
       Boomerang         |       |    10 |    30 |    72 |     2 |       ||   114
       Throwing net      |       |       |     3 |       |       |       ||     3
 Cast: Wereblood         |       |       |       |       |     2 |       ||     2
Invok: Call Merchant     |       |       |       |     2 |     1 |     1 ||     4
       Potion Petition   |       |       |       |       |     2 |       ||     2
Evoke: Wand              |       |     1 |     2 |    20 |    13 |     7 ||    43
       Condenser vane    |       |       |       |     1 |     2 |     2 ||     5
       Tin of tremorston |       |       |       |       |     4 |     1 ||     5
  Use: Scroll            |       |    10 |     4 |    11 |     7 |     2 ||    34
       Potion            |       |     6 |       |     9 |     1 |       ||    16
 Stab: Sleeping          |     2 |       |       |       |       |       ||     2
       Held in net/web   |       |       |     1 |       |       |       ||     1
       Distracted        |       |       |       |     1 |     3 |     3 ||     7
Armor: Leather armour    |    27 |    26 |       |       |       |       ||    53
       Scale mail        |       |    49 |   122 |       |       |       ||   171
       Acid dragon scale |       |       |    12 |   201 |   129 |       ||   342
       Chain mail        |       |       |       |       |   430 |   209 ||   639
       Animal skin       |       |       |       |       |    34 |       ||    34
       Skin              |       |       |       |       |    24 |       ||    24
Dodge: Dodged            |    39 |   152 |   209 |   328 |   791 |   263 ||  1782

Table legend: (Time is in decaauts)
 A = Elapsed time spent in this place.
 B = Non-inter-level travel time spent in this place.
 C = Inter-level travel time spent in this place.
 D = Time resting spent in this place.
 E = Time spent auto-exploring this place.
 F = Levels seen in this place.
 G = Mean time per level.
                   A        B        C        D        E       F      G
               +--------+--------+--------+--------+--------+-----+--------+
         Total |  28708 |  27340 |   1368 |   5493 |  15188 |  23 | 1248.2 |
       Dungeon |  16966 |  16221 |    745 |   3195 |   9467 |  13 | 1305.1 |
        Temple |     73 |     58 |     15 |      0 |      0 |   1 |   73.0 |
          Lair |   7536 |   7206 |    330 |    686 |   4594 |   6 | 1256.0 |
  Orcish Mines |   2408 |   2131 |    277 |    466 |   1020 |   2 | 1204.0 |
      Ice Cave |   1722 |   1722 |      0 |   1145 |    106 |   1 | 1722.0 |
               +--------+--------+--------+--------+--------+-----+--------+

Top non-repeatable levels by time:
    D:10: 2086 daAuts
     D:9: 2032 daAuts
     D:2: 1917 daAuts
    D:12: 1905 daAuts
     D:4: 1807 daAuts
   IceCv: 1722 daAuts
  Lair:1: 1700 daAuts
   Orc:1: 1483 daAuts
    D:11: 1450 daAuts
  Lair:2: 1400 daAuts
     D:1: 1359 daAuts
  Lair:3: 1336 daAuts
  Lair:4: 1200 daAuts
     D:3: 1193 daAuts
     D:6: 1046 daAuts
